 Dungeon Crawl Stone Soup version 0.21-a0-122-g43b3ea6 (webtiles) character file.

253 sagitran the Skirmisher (level 5, -6/42 HPs)
             Began as a Demonspawn Abyssal Knight on July 13, 2017.
             Was a Believer of Lugonu.
             Killed from afar by an orc wizard (9 damage)
             ... with a magic dart
             ... on level 4 of the Dungeon.
             The game lasted 00:09:31 (2996 turns).

sagitran the Skirmisher (Demonspawn Abyssal Knight) Turns: 2996, Time: 00:09:31

Health: -6/42      AC:  3    Str: 13    XL:     5   Next: 90%
Magic:  6/6        EV: 14    Int: 13    God:    Lugonu [**....]
Gold:   178        SH:  0    Dex: 13    Spells: 4/4 levels left

rFire    . . .     SeeInvis .   e - +2 hand axe (flame)
rCold    . . .     Gourm    .   (no shield)
rNeg     . . .     Faith    +   b - +0 leather armour
rPois    .         Spirit   .   (no helmet)
rElec    .         Reflect  .   (no cloak)
rCorr    .         Harm     .   (no gloves)
MR       .....                  (no boots)
Stlth    +.........             i - amulet of faith
HPRegen  0.14/turn              (no ring)
MPRegen  0.10/turn              (no ring)

@: no status effects
A: repulsion field 1, spiny 1
a: Depart the Abyss, Bend Space, Renounce Religion


You were on level 4 of the Dungeon.
You worshipped Lugonu.
Lugonu was pleased with you.
You were not hungry.

You visited 1 branch of the dungeon, and saw 4 of its levels.
You visited the Abyss 1 time.

You collected 178 gold pieces.

Inventory:

Hand Weapons
 e - a +2 hand axe of flaming (weapon)
Missiles
 h - 4 tomahawks (quivered)
Armour
 b - a +0 leather armour (worn)
Jewellery
 i - an amulet of faith (around neck)
Scrolls
 d - a scroll of immolation {unknown}
 k - a scroll of enchant armour
Comestibles
 f - 2 bread rations


   Skills:
 + Level 4.0 Fighting
 + Level 3.7 Axes
 + Level 0.1 Throwing
 + Level 2.8 Armour
 + Level 2.1 Dodging
 + Level 1.0 Stealth
 + Level 2.5 Invocations


You had 4 spell levels left.
You didn't know any spells.

Dungeon Overview and Level Annotations

Branches:
Dungeon (4/15)
 Temple: D:4-7

Altars:
Ashenzari
Elyvilon
Kikubaaqudgha
Xom


Innate Abilities, Weirdness & Mutations

You are surrounded by a mild repulsion field. (EV +2)
You are partially covered in sharp spines.


Message History

The orc shouts!
The orc wizard is struck by your spines.
The orc wizard hits you with a dagger.
* * * LOW HITPOINT WARNING * * *
You aren't carrying any potions.
As you read the scroll labeled NACWIU BO GECREVIE, it crumbles to dust.
It is a scroll of recharging.
You aren't carrying any rechargeable items.
The orc wizard mumbles some strange words.
The orc wizard blinks!
The orc wizard hits you with a dagger.
* * * LOW HITPOINT WARNING * * *
You barely miss the orc wizard.
The orc wizard is moderately wounded.
The orc wizard hits you with a dagger.
* * * LOW HITPOINT WARNING * * *
An ogre comes into view. It is wielding a giant club.
The orc wizard hits you but does no damage.
The orc wizard gestures at you while chanting.
The magic dart hits you!
You die...

#..........#..
#.............
#...........# .
#...........# ..
#...........#..
##...<.........
#..........#
#.....<@...# .
#.....o..o.# ...
#........o[##..o..
#.........)..#
##............#
##......##.....#
######## ##..O..
#...# #..#


You could see 2 orc wizards and an orc.

Vanquished Creatures
  A crimson imp (D:3)
  An iguana (D:3)
  5 adders
  7 gnolls
  2 oozes
  An adder skeleton (D:4)
  3 worms
  2 leopard geckos
  5 orcs
  A ball python (D:3)
  4 bats
  4 giant cockroaches
  2 goblins
  8 hobgoblins
  A quokka (D:4)
  5 frilled lizards
  4 kobolds
  4 rats
60 creatures vanquished.

Vanquished Creatures (others)
  A hobgoblin (D:3)
1 creature vanquished.

Grand Total: 61 creatures vanquished

Notes
Turn   | Place    | Note
-------+----------+-------------------------------------------
     0 | Abyss:1  | sagitran the Demonspawn Abyssal Knight began the quest for the Orb.
     0 | Abyss:1  | Reached XP level 1. HP: 18/18 MP: 2/2
    30 | Abyss:2  | Noticed a worldbinder
    31 | Abyss:2  | Noticed a vampire mosquito
    36 | Abyss:2  | Noticed a vampire mosquito
    38 | D:1      | Escaped the Abyss
   115 | D:1      | Reached skill level 1 in Dodging
   188 | D:1      | Gained mutation: You are partially covered in sharp spines. [demonic ancestry]
   188 | D:1      | Reached XP level 2. HP: 8/24 MP: 3/3
   220 | D:1      | Reached * piety under Lugonu
   956 | D:2      | Reached XP level 3. HP: 21/29 MP: 4/4
  1157 | D:2      | Found an ancient bone altar of Kikubaaqudgha.
  1158 | D:2      | Found a shattered altar of Ashenzari.
  1160 | D:2      | Found a shimmering altar of Xom.
  1517 | D:2      | Gained mutation: You are surrounded by a mild repulsion field. (EV +2) [demonic ancestry]
  1517 | D:2      | Reached XP level 4. HP: 10/37 MP: 5/5
  2401 | D:3      | Reached XP level 5. HP: 29/42 MP: 6/6
  2465 | D:3      | Reached ** piety under Lugonu
  2465 | D:3      | Reached skill level 1 in Stealth
  2572 | D:3      | Found a white marble altar of Elyvilon.
  2625 | D:3      | Reached skill level 4 in Fighting
  2993 | D:4      | HP: 2/42 [orc wizard/dagger (3)]
  2994 | D:4      | Noticed an ogre
  2996 | D:4      | Killed from afar by an orc wizard

Vault maps used:
D:1:      scummos_arrival_star, feat_on_display
D:2:      grunt_temple_overflow_open, minmay_box_of_dots
D:3:      elyvilon_altar_4, first_bread
D:4:      portal_sewer_entry_a
Abyss:1:  minivault_26

Skill      XL: |  1  2  3  4  5 |
---------------+----------------+-----
Dodging        | 1 2 |  2.1
Armour         | 2 |  2.8
Axes           | 2 3 |  3.7
Stealth        | 1 |  1.0
Fighting       | 4 |  4.0
Throwing       | |  0.1
Invocations    | |  2.5

Action                   |  1- 3 |  4- 6 || total
-------------------------+-------+-------++-------
Melee: Hand axe          |    91 |    77 ||   168
Throw: Tomahawk          |       |     3 ||     3
Invok: Depart the Abyss  |     1 |       ||     1
  Use: Potion            |     2 |       ||     2
       Scroll            |       |     8 ||     8
 Stab: Sleeping          |     1 |     1 ||     2
  Eat: Bread ration      |     1 |       ||     1
       Royal jelly       |       |     1 ||     1
Armor: Leather armour    |    27 |    10 ||    37
Dodge: Dodged            |    54 |    54 ||   108
